 Dungeon Crawl Stone Soup version 0.20.0-8-g6b59dc7 (webtiles) character file.

178 GordonOverkill the Shield-Bearer (level 5, -1/41 HPs)
             Began as a Minotaur Ice Elementalist on June 2, 2017.
             Succumbed to an orc wizard's poison
             ... on level 3 of the Dungeon.
             The game lasted 00:05:12 (2783 turns).

GordonOverkill the Shield-Bearer (MiIE)             Turns: 2783, Time: 00:05:12

Health: -1/41      AC:  6    Str: 14    XL:     5   Next: 32%
Magic:  6/6        EV: 15    Int: 12    God:
Gold:   138        SH:  0    Dex: 15    Spells: 5/6 levels left

rFire    + . .     SeeInvis .   t - +0 war axe
rCold    + . .     Gourm    .   (no shield)
rNeg     . . .     Faith    .   s - +0 scale mail
rPois    .         Spirit   .   (helmet restricted)
rElec    .         Reflect  .   d - scarf {rC+ rF+}
rCorr    .         Harm     .   (no gloves)
MR       .....                  (no boots)
Stlth    ++........             (no amulet)
Regen    0.2/turn               (no ring)
MPRegen  0.1/turn               (no ring)

@: agile, lethally poisoned (-1 -> -16), berserk cooldown, slowed, very slow
A: retaliatory headbutt, horns 2
a: no special abilities


You were on level 3 of the Dungeon.
You were not hungry.

You visited 1 branch of the dungeon, and saw 3 of its levels.

You collected 138 gold pieces.

Inventory:

Hand Weapons
 t - a +0 war axe (weapon)
Armour
 d - a scarf of resistance (worn)
 g - a +0 buckler
 s - a +0 scale mail (worn)
Scrolls
 a - a scroll of amnesia {unknown}
 f - a scroll of fog {unknown}
 h - a scroll of immolation {unknown}
 j - a scroll of remove curse
 k - 2 scrolls of teleportation {unknown}
 m - 3 scrolls of identify {unknown}
 n - a scroll of magic mapping {unknown}
 r - a scroll of fear {unknown}
Books
 b - a book of Frost

   Spells                             Type                      Level
   a - Freeze                         Ice                          1
   b - Throw Frost                    Conjuration/Ice              2
   c - Ozocubu's Armour               Charms/Ice                   3
   d - Throw Icicle                   Conjuration/Ice              4
   e - Summon Ice Beast               Ice/Summoning                4
Comestibles
 c - 5 bread rations
 l - 5 chunks of flesh
 o - 3 meat rations


   Skills:
 - Level 2.2 Fighting
 * Level 3.6 Axes
 - Level 2.1 Dodging
 - Level 1.5 Stealth
 * Level 4.0 Shields
 - Level 1.3 Spellcasting
   Level 0.6 Conjurations
 - Level 2.1 Ice Magic


You had 5 spell levels left.
You knew the following spells:

 Your Spells              Type           Power        Failure   Level  Hunger
a - Freeze                Ice            #...         47%         1    ##.....


Dungeon Overview and Level Annotations

Branches:
Dungeon (3/15)

Altars:


Innate Abilities, Weirdness & Mutations

You reflexively headbutt those who attack you in melee.
You have a pair of horns on your head.


Message History

You are exhausted.
You feel yourself slow down.
* * * LOW HITPOINT WARNING * * *
You feel sick.
You see here a short sword.
You hit the orc.
The orc is heavily wounded.
You hit the orc.
* * * LOW HITPOINT WARNING * * *
You feel very sick. The orc misses you. The orc closely misses you.
The orc misses you. You furiously retaliate!
You headbutt the orc.
You kill the orc!
Unknown command.
You closely miss the orc. You headbutt the orc.
You kill the orc!
* * * LOW HITPOINT WARNING * * *
You feel very sick.
You aren't carrying any potions.
You die...

.............#.....#.....##
.......###.#...###########
....#### #.###)### #... #.#
#)..# .. #.# ###)#
#.#####.# ........#
....##))### .## #.@..#
#.%..# ......# ...#[####
.....#. .#.. .. #.. .. #.
...


There were no monsters in sight!

Vanquished Creatures
  2 orc wizards (D:3)
  6 adders
  A dart slug (D:2)
  3 leopard geckos
  6 orcs
  A ball python (D:1)
  5 bats
  6 giant cockroaches
  4 hobgoblins
  4 kobolds
  2 quokkas (D:2)
  3 frilled lizards
  11 goblins
  8 rats
62 creatures vanquished.

Notes
Turn   | Place    | Note
-------+----------+-------------------------------------------
     0 | D:1      | GordonOverkill the Minotaur Ice Elementalist began the quest for the Orb.
     0 | D:1      | Reached XP level 1. HP: 14/14 MP: 1/1
   119 | D:1      | Reached skill level 1 in Fighting
   249 | D:1      | Reached XP level 2. HP: 19/24 MP: 3/3
   617 | D:1      | Reached skill level 1 in Shields
   813 | D:1      | Reached skill level 1 in Axes
   872 | D:1      | Reached XP level 3. HP: 27/29 MP: 4/4
  1103 | D:2      | Reached skill level 2 in Shields
  1666 | D:2      | Reached XP level 4. HP: 35/36 MP: 5/5
  2146 | D:2      | Reached skill level 3 in Shields
  2773 | D:3      | Reached XP level 5. HP: 19/41 MP: 6/6
  2779 | D:3      | Reached skill level 4 in Shields
  2782 | D:3      | HP: 1/41 [poisoned by an orc wizard]
  2783 | D:3      | Succumbed to an orc wizard's poison

Skill      XL: |  1  2  3  4  5 |
---------------+----------------+-----
Fighting       | 2 |  2.2
Shields        | 1 2 3 4 |  4.0
Axes           | 1 2 3 |  3.6
Dodging        | |  2.1
Stealth        | |  1.5
Spellcasting   | |  1.3
Conjurations   | |  0.6
Ice Magic      | |  2.1

Action                   |  1- 3 |  4- 6 || total
-------------------------+-------+-------++-------
Melee: Mace              |    94 |    58 ||   152
       Unarmed           |     5 |       ||     5
       Headbutt          |     6 |     4 ||    10
       War axe           |       |    11 ||    11
 Cast: Freeze            |     1 |       ||     1
  Use: Scroll            |     1 |       ||     1
       Potion            |     1 |     2 ||     3
  Eat: Chunk             |     2 |     4 ||     6
Armor: Robe              |     3 |       ||     3
       Ring mail         |    51 |    16 ||    67
       Scale mail        |       |    18 ||    18
Dodge: Dodged            |    72 |    48 ||   120
